 Dungeon Crawl Stone Soup version 0.29.0-4-gdea44cf6ec (webtiles) character file.

Game seed: 13909635085714991051

5504 qw the Grappler (level 10, -4/93 (96) HPs)
             Began as a Troll Cinder Acolyte on Aug 30, 2022.
             Was an Elder of Ignis.
             Slain by a hell rat (10 damage)
             ... on level 2 of the Lair of Beasts.
             The game lasted 00:03:32 (7785 turns).

qw the Grappler (Troll Cinder Acolyte)              Turns: 7785, Time: 00:03:33

HP:   -4/93 (96)    AC: 21    Str: 28    XL:     10   Next: 42%
MP:   10/10         EV:  9    Int: 10    God:    Ignis [****..]
Gold: 488           SH:  0    Dex: 11    Spells: 11/11 levels left

rFire   + . .      SeeInvis .     - Unarmed
rCold   . . .      Faith    .   (no shield)
rNeg    . . .      Spirit   .   d - +2 swamp dragon scales
rPois   +          Reflect  .   (helmet restricted)
rElec   .          Harm     .   m - +2 cloak
rCorr   .          Rampage  .   (gloves unavailable)
Will    +....                   (boots unavailable)
Stlth   +.........              (no amulet)
HPRegen 1.05/turn               f - +6 ring of dexterity
MPRegen 0.12/turn               g - ring of willpower

@: lethally poisoned (-4 -> -5), about to teleport, fiery-armoured, lightly
drained
A: large, unfitting armour, claws 3, regeneration 1, shaggy fur 1, tough skin 1
a: Renounce Religion, Fiery Armour, Foxfire Swarm, Rising Flame


You were on level 2 of the Lair of Beasts.
You worshipped Ignis.
Ignis was greatly pleased with you.
You visited 2 branches of the dungeon, and saw 10 of its levels.

You collected 532 gold pieces.
You spent 44 gold pieces at shops.


Innate Abilities, Weirdness & Mutations

You are too large for most types of armour.
You have claws for hands.
Your natural rate of healing is unusually fast.
You are covered in fur. (AC +1)
You have tough skin. (AC +1)


   Skills:
 - Level 5.2 Fighting
 - Level 5.0 Throwing
 - Level 2.5 Armour
 - Level 2.1 Dodging
 + Level 13.0 Unarmed Combat
 - Level 1.0 Spellcasting
 - Level 2.1 Fire Magic


You had 11 spell levels left.
You didn't know any spells.
Your spell library contained the following spells:

 Spells                   Type           Power      Damage    Failure   Level
 Scorch                   Fire           8%         2d5       30%         2

Inventory:

Missiles
 i - 6 javelins
 l - 6 boomerangs
 n - 5 large rocks (quivered)
Armour
 d - +2 swamp dragon scales (worn)
 m - a +2 cloak (worn)
 p - an orb of light
Jewellery
 b - a ring of ice
 f - a +6 ring of dexterity (left claw)
 g - a ring of willpower (right claw)
 r - a ring of poison resistance
Scrolls
 a - 2 scrolls of teleportation
 e - 2 scrolls of identify
 t - a scroll of brand weapon
Potions
 c - a potion of might
 h - 2 potions of cancellation
 j - a potion of curing
 k - 2 potions of heal wounds
 o - a potion of haste
 q - a potion of mutation

Dungeon Overview and Level Annotations

Branches:
Dungeon (8/15)             Temple (0/1) D:5            Lair (2/5) D:8
  Swamp: Lair:2-3    Shoals: Lair:2-3     Snake: Lair:2-3    Spider: Lair:2-3

Altars:
Gozag
Makhleb
Sif Muna
Vehumet
Xom
Yredelemnul

Shops:
D:4 *


Message History

The cane toad is burned by your cloak of flames.
The cane toad is lightly wounded.
The hell rat barely misses you.
You mangle the hell rat!!
You kill the hell rat!
The cane toad stings you.
You are poisoned.
The cane toad poisons you!
The cane toad is burned by your cloak of flames.
The cane toad is lightly wounded.
You claw the cane toad!
The cane toad is moderately wounded.
You feel very sick. The cane toad stings you!
The cane toad is burned by your cloak of flames.
The cane toad is moderately wounded.
You scratch the cane toad.
The cane toad is heavily wounded.
You feel very sick. The cane toad stings you!
You claw the cane toad!
The cane toad is severely wounded.
You feel sick. The cane toad barely misses you.
You mangle the cane toad!!
You kill the cane toad!
You feel sick.
Your Unarmed Combat skill increases to level 13!
You closely miss the hell rat.
You feel sick.
You barely miss the hell rat.
You feel sick.
The hell rat bites you but does no damage.
The hell rat is burned by your cloak of flames.
The hell rat is lightly wounded.
The hell rat bites you!
You feel drained.
7785 ||| READING 3 scrolls of teleportation.
As you read the scroll of teleportation, it crumbles to dust.
You feel strangely unstable.
You feel sick. The hell rat bites you! x2
You die...

..P.... ....... .......
........ .P....( .......
....... #.....# .....rr###
>....# .....r%#@###### .....#
#. ......#rr...P.###....##..
.......rr......##........
.........................
..........(..............
.........................
..................#..........
.......>....#...#####......P##
...........###### ##.....###


You could see 4 hell rats.

Vanquished Creatures
  A black mamba (Lair:1)
  2 cane toads
  A komodo dragon (Lair:1)
  A wyvern (Lair:2)
  3 yaks (D:8)
  A basilisk (Lair:1)
  A steam dragon (Lair:1)
  Edmund (D:5)
  An acid dragon (D:8)
  3 water moccasins
  3 orc warriors
  A sky beast (D:7)
  6 ogres
  2 ice beasts (D:7)
  A black bear (D:7)
  A phantom (D:7)
  Blork the orc (D:4)
  5 bullfrogs
  A necrophage (D:7)
  A gnoll sergeant (D:8)
  3 wights (D:8)
  3 howler monkeys (D:7)
  2 jellies
  5 orc priests
  4 hounds
  2 gnoll boudas
  5 orc wizards
  Ijyb (D:4)
  Natasha (thrice) (D:4)
  An iguana (D:7)
  2 hell rats (Lair:2)
  18 gnolls
  6 adders
  A shadow imp (D:7)
  2 white imps (D:7)
  5 dart slugs
  28 orcs
  6 ball pythons
  9 endoplasms
  5 giant cockroaches
  3 goblins
  8 hobgoblins
  2 jackals (D:1)
  4 quokkas
  4 bats
  3 frilled lizards
  5 kobolds
  A rat (D:1)
178 creatures vanquished.

Vanquished Creatures (others)
  7 plants
7 creatures vanquished.

Grand Total: 185 creatures vanquished

Notes
Turn   | Place    | Note
-------+----------+-------------------------------------------
     0 | D:1      | qw the Troll Cinder Acolyte began the quest for the Orb.
     0 | D:1      | Reached XP level 1. HP: 22/22 MP: 1/1
     0 | D:1      | 0 ||| qw: Version: 0.1-a-95-gae9e614
     0 | D:1      | 0 ||| qw: Game counter: 4364
     0 | D:1      | 0 ||| qw: Always use a shield: true
     0 | D:1      | 0 ||| qw: God list: Okawaru
     0 | D:1      | 0 ||| qw: Allow faded altars: false
     0 | D:1      | 0 ||| qw: Do Orc after D:15 true
     0 | D:1      | 0 ||| qw: Do second Lair branch before Depths: true
     0 | D:1      | 0 ||| qw: Lair rune preference: random
     0 | D:1      | 0 ||| qw: Plans: Normal
     0 | D:1      | 0 ||| PLANNING D:1-11
    58 | D:1      | 58 ||| Stepping ~*~*~tactically~*~*~ (outnumbered).
    59 | D:1      | 59 ||| Stepping ~*~*~tactically~*~*~ (outnumbered).
    60 | D:1      | 60 ||| Stepping ~*~*~tactically~*~*~ (outnumbered).
   188 | D:1      | Reached XP level 2. HP: 26/29 MP: 2/2
   549 | D:1      | 549 ||| DROPPING ring of wizardry.
   550 | D:1      | 550 ||| READING scroll labelled MIGIAJ FUVOEM.
   555 | D:1      | 555 ||| READING scroll labelled INEOSA UMNIS.
   556 | D:1      | 556 ||| DRINKING 2 red potions.
   669 | D:2      | Reached skill level 4 in Unarmed Combat
   769 | D:2      | 769 ||| Stepping ~*~*~tactically~*~*~ (stealth).
   773 | D:2      | Reached skill level 1 in Throwing
   773 | D:2      | Reached XP level 3. HP: 36/36 MP: 3/3
   859 | D:2      | 859 ||| FLEEEEING.
   860 | D:2      | 860 ||| FLEEEEING.
   861 | D:2      | 861 ||| FLEEEEING.
   862 | D:2      | 862 ||| FLEEEEING.
   863 | D:2      | 863 ||| FLEEEEING.
   864 | D:2      | 864 ||| FLEEEEING.
   938 | D:2      | Reached XP level 4. HP: 44/44 MP: 4/4
  1088 | D:2      | 1088 ||| Stepping ~*~*~tactically~*~*~ (stealth).
  1418 | D:2      | 1418 ||| UPGRADING to +6 ring of dexterity.
  1419 | D:2      | 1419 ||| READING scroll labelled NACURGH FUDAPTI.
  1420 | D:2      | 1420 ||| READING 3 scrolls labelled QUSOYF USAMM.
  1421 | D:2      | 1421 ||| READING 2 scrolls of identify.
  1421 | D:2      | 1421 ||| IDENTIFYING sedimented black potion
  1541 | D:3      | Reached skill level 5 in Unarmed Combat
  1543 | D:3      | Reached skill level 1 in Dodging
  1543 | D:3      | Reached XP level 5. HP: 31/50 MP: 5/5
  2121 | D:3      | 2121 ||| DRINKING 3 brown potions.
  2122 | D:3      | 2122 ||| READING 2 scrolls of identify.
  2122 | D:3      | 2122 ||| IDENTIFYING lumpy inky potion
  2123 | D:3      | 2123 ||| DROPPING potion of magic.
  2124 | D:3      | 2124 ||| DROPPING 2 potions of brilliance.
  2168 | D:4      | Found Iqudgh's General Store.
  2172 | D:4      | 2172 ||| BUYING scroll of identify (22 gold).
  2172 | D:4      | Bought a scroll of identify for 22 gold pieces
  2172 | D:4      | 2172 ||| BUYING scroll of identify (22 gold).
  2172 | D:4      | Bought a scroll of identify for 22 gold pieces
  2173 | D:4      | Noticed an ogre
  2181 | D:4      | HP: 6/50 [ogre/+0 giant club (21)]
  2182 | D:4      | 2182 ||| READING scroll of teleportation.
  2183 | D:4      | 2183 ||| DRINKING potion of heal wounds.
  2184 | D:4      | 2184 ||| Stepping ~*~*~tactically~*~*~ (outnumbered).
  2186 | D:4      | 2186 ||| Stepping ~*~*~tactically~*~*~ (outnumbered).
  2253 | D:4      | 2253 ||| INVOKING Fiery Armour.
  2254 | D:4      | Killed an ogre
  2255 | D:4      | Reached skill level 6 in Unarmed Combat
  2326 | D:4      | 2326 ||| Stepping ~*~*~tactically~*~*~ (stealth).
  2328 | D:4      | 2328 ||| Stepping ~*~*~tactically~*~*~ (stealth).
  2329 | D:4      | Noticed Blork the orc
  2330 | D:4      | 2330 ||| Stepping ~*~*~tactically~*~*~ (hiding).
  2331 | D:4      | 2331 ||| Stepping ~*~*~tactically~*~*~ (hiding).
  2332 | D:4      | 2332 ||| Stepping ~*~*~tactically~*~*~ (hiding).
  2338 | D:4      | Reached XP level 6. HP: 53/59 MP: 6/6
  2342 | D:4      | Killed Blork the orc
  2343 | D:4      | 2343 ||| Stepping ~*~*~tactically~*~*~ (stealth).
  2360 | D:4      | 2360 ||| FLEEEEING.
  2365 | D:4      | 2365 ||| FLEEEEING.
  2419 | D:4      | Found the +6 shillelagh "Devastator" {shatter}
  2432 | D:4      | Reached skill level 7 in Unarmed Combat
  2432 | D:4      | 2432 ||| FLEEEEING.
  2434 | D:4      | 2434 ||| FLEEEEING.
  2435 | D:4      | 2435 ||| FLEEEEING.
  2436 | D:4      | 2436 ||| FLEEEEING.
  2437 | D:4      | 2437 ||| FLEEEEING.
  2438 | D:4      | 2438 ||| FLEEEEING.
  2439 | D:4      | 2439 ||| FLEEEEING.
  2440 | D:4      | 2440 ||| FLEEEEING.
  2441 | D:4      | 2441 ||| FLEEEEING.
  2442 | D:4      | 2442 ||| FLEEEEING.
  2443 | D:4      | 2443 ||| FLEEEEING.
  2444 | D:4      | 2444 ||| FLEEEEING.
  2445 | D:4      | 2445 ||| FLEEEEING.
  2446 | D:4      | 2446 ||| FLEEEEING.
  2447 | D:4      | 2447 ||| FLEEEEING.
  2449 | D:4      | 2449 ||| FLEEEEING.
  2450 | D:4      | 2450 ||| FLEEEEING.
  2451 | D:4      | 2451 ||| FLEEEEING.
  2518 | D:4      | Noticed Ijyb
  2524 | D:4      | Killed Ijyb
  2533 | D:4      | Noticed Natasha
  2539 | D:4      | Killed Natasha
  2540 | D:4      | Reached XP level 7. HP: 58/66 MP: 7/7
  2580 | D:4      | Noticed Natasha
  2588 | D:4      | Killed Natasha
  2767 | D:4      | Noticed Natasha
  2768 | D:4      | 2768 ||| Stepping ~*~*~tactically~*~*~ (stealth).
  2770 | D:4      | 2770 ||| Stepping ~*~*~tactically~*~*~ (hiding).
  2773 | D:4      | Killed Natasha
  3122 | D:4      | Found an opulent altar of Gozag.
  3214 | D:4      | 3214 ||| Stepping ~*~*~tactically~*~*~ (hiding).
  3361 | D:4      | 3361 ||| UPGRADING to +0 swamp dragon scales.
  3371 | D:4      | 3371 ||| DROPPING +0 robe.
  3372 | D:4      | 3372 ||| READING 2 scrolls of enchant armour.
  3372 | D:4      | 3372 ||| ENCHANTING +0 swamp dragon scales.
  3373 | D:4      | 3373 ||| READING scroll of enchant armour.
  3373 | D:4      | 3373 ||| ENCHANTING +1 swamp dragon scales.
  3374 | D:4      | 3374 ||| UPGRADING to ring of willpower.
  3375 | D:4      | 3375 ||| READING scroll labelled ISAELY OMECWA.
  3376 | D:4      | 3376 ||| DRINKING 2 black potions.
  3414 | D:4      | 3414 ||| READING 4 scrolls of identify.
  3414 | D:4      | 3414 ||| IDENTIFYING puce potion
  3415 | D:4      | 3415 ||| READING 3 scrolls of identify.
  3415 | D:4      | 3415 ||| IDENTIFYING coppery potion
  3416 | D:4      | 3416 ||| READING 2 scrolls of identify.
  3416 | D:4      | 3416 ||| IDENTIFYING sedimented green potion
  3417 | D:4      | 3417 ||| DROPPING potion of lignification.
  3418 | D:4      | 3418 ||| DROPPING potion of degeneration.
  3419 | D:4      | 3419 ||| DROPPING potion of attraction.
  3503 | D:4      | 3503 ||| READING scroll of teleportation.
  3504 | D:4      | 3504 ||| STAIRDANCE
  3549 | D:5      | Entered Level 5 of the Dungeon
  3550 | D:5      | 3550 ||| STAIRDANCE
  3568 | D:4      | Reached skill level 1 in Armour
  3584 | D:5      | 3584 ||| STAIRDANCE
  3589 | D:5      | 3589 ||| STAIRDANCE
  3623 | D:5      | Reached skill level 8 in Unarmed Combat
  3671 | D:5      | Identified the +7 trident of Terra Cotta {vorpal, rCorr
                  | Str-4 Int+2}
  3685 | D:5      | Found a staircase to the Ecumenical Temple.
  3694 | D:5      | Reached skill level 3 in Fighting
  3862 | D:5      | 3862 ||| Stepping ~*~*~tactically~*~*~ (hiding).
  3863 | D:5      | 3863 ||| Stepping ~*~*~tactically~*~*~ (hiding).
  3988 | D:5      | 3988 ||| Stepping ~*~*~tactically~*~*~ (hiding).
  3989 | D:5      | 3989 ||| Stepping ~*~*~tactically~*~*~ (hiding).
  4197 | D:5      | Reached skill level 3 in Throwing
  4203 | D:5      | Found a shimmering blue altar of Sif Muna.
  4256 | D:5      | 4256 ||| Stepping ~*~*~tactically~*~*~ (stealth).
  4422 | D:5      | Noticed Edmund
  4431 | D:5      | Killed Edmund
  4432 | D:5      | Reached XP level 8. HP: 71/75 MP: 8/8
  4448 | D:5      | 4448 ||| UPGRADING to +2 cloak.
  4453 | D:5      | 4453 ||| READING scroll labelled RUUK ESHRIAPNU.
  4454 | D:5      | 4454 ||| READING 2 scrolls labelled DAEWUONKOC.
  4455 | D:5      | 4455 ||| READING scroll labelled GOIRAS SYTUSMU.
  4456 | D:5      | 4456 ||| READING scroll labelled LOOFAC IHUSMU.
  4457 | D:5      | 4457 ||| DRINKING 2 bubbling purple potions.
  4458 | D:5      | 4458 ||| DROPPING scroll of poison.
  4532 | D:4      | 4532 ||| Stepping randomly (stuck).
  4734 | D:6      | Identified the +6 sling of Melee {vorpal, Str+3}
  4911 | D:6      | Reached skill level 9 in Unarmed Combat
  4988 | D:6      | 4988 ||| Stepping ~*~*~tactically~*~*~ (stealth).
  4991 | D:6      | 4991 ||| Stepping ~*~*~tactically~*~*~ (hiding).
  5004 | D:6      | 5004 ||| Stepping ~*~*~tactically~*~*~ (outnumbered).
  5411 | D:6      | 5411 ||| READING scroll labelled UKKUMP EDUMEAS.
  5412 | D:6      | 5412 ||| READING scroll labelled CIOGE HOWIUC.
  5413 | D:6      | 5413 ||| READING scroll labelled HOIFOB NALEM.
  5443 | D:7      | 5443 ||| INVOKING Fiery Armour.
  5446 | D:7      | 5446 ||| Stepping ~*~*~tactically~*~*~ (outnumbered).
  5447 | D:7      | 5447 ||| Stepping ~*~*~tactically~*~*~ (outnumbered).
  5448 | D:7      | 5448 ||| Stepping ~*~*~tactically~*~*~ (outnumbered).
  5449 | D:7      | 5449 ||| Stepping ~*~*~tactically~*~*~ (outnumbered).
  5450 | D:7      | 5450 ||| Stepping ~*~*~tactically~*~*~ (outnumbered).
  5558 | D:7      | 5558 ||| Stepping ~*~*~tactically~*~*~ (hiding).
  5585 | D:7      | 5585 ||| Stepping ~*~*~tactically~*~*~ (stealth).
  5606 | D:7      | Reached skill level 10 in Unarmed Combat
  5748 | D:7      | 5748 ||| Stepping ~*~*~tactically~*~*~ (stealth).
  5795 | D:7      | 5795 ||| Stepping ~*~*~tactically~*~*~ (outnumbered).
  5804 | D:7      | Reached XP level 9. HP: 82/84 MP: 9/9
  5999 | D:7      | 5999 ||| READING scroll labelled QAALOBR JIKHLUIQI.
  6000 | D:7      | 6000 ||| DRINKING 2 murky inky potions.
  6059 | D:8      | 6059 ||| Stepping ~*~*~tactically~*~*~ (stealth).
  6064 | D:8      | 6064 ||| INVOKING Fiery Armour.
  6066 | D:8      | 6066 ||| Stepping ~*~*~tactically~*~*~ (outnumbered).
  6067 | D:8      | 6067 ||| Stepping ~*~*~tactically~*~*~ (outnumbered).
  6068 | D:8      | 6068 ||| Stepping ~*~*~tactically~*~*~ (outnumbered).
  6069 | D:8      | 6069 ||| Stepping ~*~*~tactically~*~*~ (outnumbered).
  6070 | D:8      | 6070 ||| Stepping ~*~*~tactically~*~*~ (hiding).
  6087 | D:8      | 6087 ||| FLEEEEING.
  6088 | D:8      | 6088 ||| FLEEEEING.
  6089 | D:8      | 6089 ||| FLEEEEING.
  6090 | D:8      | 6090 ||| FLEEEEING.
  6091 | D:8      | 6091 ||| STAIRDANCE
  6128 | D:8      | Found a shimmering altar of Xom.
  6194 | D:8      | 6194 ||| Stepping ~*~*~tactically~*~*~ (stealth).
  6199 | D:8      | 6199 ||| STAIRDANCE
  6208 | D:7      | Reached skill level 11 in Unarmed Combat
  6235 | D:8      | 6235 ||| STAIRDANCE
  6237 | D:7      | 6237 ||| Stepping ~*~*~tactically~*~*~ (outnumbered).
  6238 | D:7      | 6238 ||| Stepping ~*~*~tactically~*~*~ (outnumbered).
  6246 | D:8      | 6246 ||| STAIRDANCE
  6281 | D:8      | Found a staircase to the Lair.
  6340 | D:8      | 6340 ||| Stepping ~*~*~tactically~*~*~ (stealth).
  6342 | D:8      | 6342 ||| Stepping ~*~*~tactically~*~*~ (hiding).
  6344 | D:8      | 6344 ||| Stepping ~*~*~tactically~*~*~ (stealth).
  6355 | D:8      | 6355 ||| Stepping ~*~*~tactically~*~*~ (outnumbered).
  6356 | D:8      | 6356 ||| Stepping ~*~*~tactically~*~*~ (outnumbered).
  6422 | D:8      | 6422 ||| Stepping ~*~*~tactically~*~*~ (stealth).
  6423 | D:8      | 6423 ||| Stepping ~*~*~tactically~*~*~ (stealth).
  6433 | D:8      | 6433 ||| Stepping ~*~*~tactically~*~*~ (outnumbered).
  6434 | D:8      | 6434 ||| Stepping ~*~*~tactically~*~*~ (outnumbered).
  6455 | D:8      | Reached skill level 12 in Unarmed Combat
  6471 | D:8      | Found a basalt altar of Yredelemnul.
  6483 | D:8      | Found a radiant altar of Vehumet.
  6484 | D:8      | Found a burning altar of Makhleb.
  6485 | D:8      | 6485 ||| Stepping ~*~*~tactically~*~*~ (hiding).
  6627 | D:8      | 6627 ||| Stepping ~*~*~tactically~*~*~ (hiding).
  6631 | D:8      | 6631 ||| Stepping ~*~*~tactically~*~*~ (outnumbered).
  6634 | D:8      | 6634 ||| Stepping ~*~*~tactically~*~*~ (hiding).
  6791 | D:8      | 6791 ||| PLANNING LAIR
  6812 | Lair:1   | Entered Level 1 of the Lair of Beasts
  6910 | Lair:1   | Noticed a black mamba
  6914 | Lair:1   | Killed a black mamba
  6915 | Lair:1   | Reached XP level 10. HP: 96/96 MP: 10/10
  6964 | Lair:1   | Identified the +4 trident "Fij Ybed" {venom, rC+ Str+3}
  7029 | Lair:1   | Identified the -1 pair of boots "Titoqaz" {rElec rC+++
                  | Will- Str-5}
  7122 | Lair:1   | 7122 ||| Stepping ~*~*~tactically~*~*~ (hiding).
  7295 | Lair:1   | 7295 ||| Stepping ~*~*~tactically~*~*~ (hiding).
  7552 | Lair:1   | Noticed a cane toad
  7561 | Lair:1   | Killed a cane toad
  7590 | Lair:1   | 7590 ||| DRINKING 2 emerald potions.
  7691 | Lair:1   | 7691 ||| READING 3 scrolls of identify.
  7691 | Lair:1   | 7691 ||| IDENTIFYING fuming emerald potion
  7692 | Lair:1   | 7692 ||| READING 2 scrolls of identify.
  7692 | Lair:1   | 7692 ||| IDENTIFYING blue potion
  7693 | Lair:1   | 7693 ||| DROPPING potion of berserk rage.
  7694 | Lair:1   | 7694 ||| DROPPING potion of ambrosia.
  7759 | Lair:2   | 7759 ||| Stepping ~*~*~tactically~*~*~ (stealth).
  7762 | Lair:2   | 7762 ||| Stepping ~*~*~tactically~*~*~ (stealth).
  7764 | Lair:2   | 7764 ||| INVOKING Fiery Armour.
  7765 | Lair:2   | 7765 ||| Stepping ~*~*~tactically~*~*~ (stealth).
  7766 | Lair:2   | Noticed a cane toad
  7774 | Lair:2   | 7774 ||| Stepping ~*~*~tactically~*~*~ (outnumbered).
  7782 | Lair:2   | Killed a cane toad
  7783 | Lair:2   | Reached skill level 13 in Unarmed Combat
  7784 | Lair:2   | HP: 21/96 [hell rat (11)]
  7785 | Lair:2   | 7785 ||| READING 3 scrolls of teleportation.
  7785 | Lair:2   | HP: 6/93 [hell rat (11)]
  7785 | Lair:2   | Slain by a hell rat

Levels and vault maps discovered:
D:1:      eino_arrival_water_star, layout_rooms, serial_bayou_pond_b,
          minivault_14, st_stairs_1, interstate_on_off
D:2:      layout_basic
D:3:      layout_loops_ring, cheibrodos_gnoll_hut
D:4:      layout_basic, nicolae_overflow_hidden_temple, serial_shops,
          nicolae_stop_n_shop_2, dilly_guarded_unrand_devastator,
          uniq_blork_the_orc, uniq_natasha, uniq_ijyb
D:5:      layout_loops_ring, kennysheep_little_box, minmay_temple_entry_glass,
          uniq_edmund
D:6:      layout_gridville, minivault_22
D:7:      layout_gridville, serial_bayou_pond_a, minmay_misc_feat_encased,
          grunt_ministairs_14
D:8:      layout_rooms, minitemple, mainiacjoe_overflow_cross_hatched,
          lair_entry_dummy
Lair:1:   layout_chaotic_city
Lair:2:   layout_hall_layers, serial_bayou_shore_a, lemuel_fruit_fields

Skill      XL: |  1  2  3  4  5  6  7  8  9 10 |
---------------+-------------------------------+-----
Unarmed Combat | 4 5 6 7 8 10 12 13 | 13.0
Throwing       | 1 3 4 5 |  5.0
Dodging        | 1 2 |  2.1
Armour         | 1 2 |  2.5
Fighting       | 3 4 5 |  5.2
Spellcasting   | |  1.0
Fire Magic     | |  2.1

Action                   |  1- 3 |  4- 6 |  7- 9 | 10-12 || total
-------------------------+-------+-------+-------+-------++-------
Melee: Unarmed           |    69 |    69 |   223 |    42 ||   403
       Punch             |     1 |     2 |     4 |     1 ||     8
Throw: Javelin           |    11 |    24 |     1 |       ||    36
       Large rock        |       |       |    51 |     9 ||    60
Invok: Fiery Armour      |       |     1 |     2 |     1 ||     4
  Use: Scroll            |     2 |     5 |    15 |     3 ||    25
       Potion            |     1 |     2 |     3 |     1 ||     7
Armor: Robe              |    32 |    18 |     1 |       ||    51
       Swamp dragon scal |       |       |    67 |    11 ||    78
Dodge: Dodged            |    32 |    28 |    80 |    15 ||   155

Table legend:
 A = Non-vault XP
 B = Vault XP
 C = Vault XP percentage of total XP
 D = Non-vault monster count
 E = Vault monster count
 F = Vault count percentage of total count
                 A         B        C        D         E       F
            +---------+---------+-------+---------+---------+-------
      Total |    7044 |     820 |  10.4 |     160 |      18 |  10.1
            +---------+---------+-------+---------+---------+-------
        D:1 |      17 |       9 |  34.6 |      11 |       6 |  35.3
        D:2 |      93 |       0 |   0.0 |      22 |       0 |   0.0
        D:3 |      12 |      98 |  89.1 |       6 |       3 |  33.3
        D:4 |     519 |     291 |  35.9 |      25 |       4 |  13.8
        D:5 |     347 |     162 |  31.8 |      12 |       1 |   7.7
        D:6 |     288 |       0 |   0.0 |      11 |       0 |   0.0
        D:7 |    1103 |     260 |  19.1 |      22 |       4 |  15.4
        D:8 |    1819 |       0 |   0.0 |      37 |       0 |   0.0
     Lair:1 |    1922 |       0 |   0.0 |       8 |       0 |   0.0
     Lair:2 |     924 |       0 |   0.0 |       6 |       0 |   0.0
            +---------+---------+-------+---------+---------+-------
